 Dungeon Crawl Stone Soup version 0.29-a0-315-gaf6dd05e2f (webtiles) character file.

Game seed: 9476499065783149472

293633 Gwenloh the Severer (level 20, -4/181 HPs)
             Began as a Palentonga Abyssal Knight on Mar 26, 2022.
             Was the Champion of Lugonu.
             Slain by a harpy (15 damage)
             ... on level 1 of the Vaults on Mar 29, 2022.
             The game lasted 03:39:55 (43926 turns).

Gwenloh the Severer (Palentonga Abyssal Knight)    Turns: 43926, Time: 03:39:55

Health: -4/181     AC: 13    Str: 20    XL:     20   Next: 1%
Magic:  29/29      EV:  4    Int: 13    God:    Lugonu [******]
Gold:   2187       SH: 15    Dex: 22    Spells: 19/19 levels left

rFire   + + +      SeeInvis +   a - +7 war axe (freeze)
rCold   + + +      Faith    .   K - +2 shield of Resistance {rF++ rC++ Will++}
rNeg    + . .      Spirit   .   C - +2 gold dragon scales
rPois   +          Reflect  .   U - +1 helmet
rElec   +          Harm     .   S - scarf {+Inv}
rCorr   .          Rampage  .   A - +2 pair of gloves
Will    +++..                   g - +3 barding {Fly}
Stlth   ..........              m - amulet of regeneration
HPRegen 1.20/turn               i - +6 ring of dexterity
MPRegen 0.21/turn               d - ring of Jealousy {rElec rN+ Str+2}

@: corroded, flying, studying 3 skills, invisible, curled up
A: large, rugged brown scales 3, see invisible, deformed body, roll 1, armoured
tail, reflexive curl
}: 2/15 runes: barnacled, gossamer
a: Rolling Charge, Renounce Religion, Evoke Invisibility, Depart the Abyss, Bend
Space, Banish, Corrupt, Enter the Abyss, Brand Weapon With Distortion


You were on level 1 of the Vaults.
You worshipped Lugonu.
Lugonu was exalted by your worship.
You visited 7 branches of the dungeon, and saw 35 of its levels.
You visited the Abyss 3 times.

You collected 4708 gold pieces.
You spent 2521 gold pieces at shops.

Inventory:

Hand Weapons
 a - a +7 war axe of freezing (weapon)
 b - a +0 hunting sling
 x - a +2 executioner's axe of draining
 M - a +1 broad axe of freezing
Missiles
 n - 8 silver javelins
 t - 14 javelins
 I - 29 boomerangs
Armour
 g - a +3 barding of flying (worn)
 q - a scarf of repulsion
 A - a +2 pair of gloves (worn)
 C - +2 gold dragon scales (worn)
 K - the +2 shield of Resistance (worn) {rF++ rC++ Will++}
   (You found it on level 12 of the Dungeon)

   rF:        It greatly protects you from fire.
   rC:        It greatly protects you from cold.
   Will:      It greatly increases your willpower.
 S - a scarf of invisibility (worn)
 U - a +1 helmet (worn)
Jewellery
 c - a ring of willpower
 d - the ring of Jealousy (right hand) {rElec rN+ Str+2}
   (You took it off a deep elf demonologist on level 3 of the Elven Halls)

   [ring of positive energy]

   Str:       It affects your strength (+2).
   rElec:     It insulates you from electricity.
   rN:        It protects you from negative energy.
 i - a +6 ring of dexterity (left hand)
 k - a ring of fire
 m - an amulet of regeneration (around neck)
 r - a +6 ring of strength
 O - an amulet of reflection
 Q - an amulet of faith
Wands
 y - a wand of iceblast (18)
 H - a wand of paralysis (16)
 L - a wand of acid (3)
 X - a wand of flame (17)
Scrolls
 j - 10 scrolls of teleportation
 l - 7 scrolls of fog
 u - 2 scrolls of fear
 v - 5 scrolls of magic mapping
 D - 6 scrolls of blinking
 E - 8 scrolls of holy word
 J - 2 scrolls of amnesia
 N - 2 scrolls of enchant armour
 P - a scroll of summoning
 R - 2 scrolls of enchant weapon
 V - 3 scrolls of brand weapon
 Y - 2 scrolls of silence
Potions
 e - 2 potions of curing
 f - 4 potions of haste
 h - 4 potions of invisibility
 o - 4 potions of ambrosia
 s - 3 potions of berserk rage
 w - 4 potions of resistance
 z - 2 potions of attraction
 B - 2 potions of brilliance
 F - 4 potions of might
 G - 4 potions of magic
 W - 4 potions of mutation
 Z - 5 potions of cancellation
Miscellaneous
 p - a condenser vane
 T - a tin of tremorstones (2/2)


   Skills:
 + Level 17.7 Fighting
 + Level 17.9 Axes
 + Level 14.1 Armour
 + Level 12.1 Dodging
 - Level 10.4 Shields
 - Level 13.0 Invocations
 + Level 11.0 Evocations


You had 19 spell levels left.
You didn't know any spells.
Your spell library contained the following spells:

 Spells                   Type           Power      Damage    Failure   Level
 Animate Skeleton         Necr           0%         N/A       100%        1
 Apportation              Tloc           0%         N/A       100%        1
 Foxfire                  Conj/Fire      0%         2x1d4     100%        1
 Magic Dart               Conj           0%         1d3       100%        1
 Pain                     Necr           0%         1d4       100%        1
 Summon Small Mammal      Summ           0%         N/A       100%        1
 Blink                    Tloc           0%         N/A       100%        2
 Corpse Rot               Necr/Air       0%         N/A       100%        2
 Static Discharge         Conj/Air       0%         N/A       100%        2
 Sublimation of Blood     Necr           0%         N/A       100%        2
 Wereblood                Tmut           0%         N/A       100%        2
 Conjure Flame            Conj/Fire      0%         6-21      100%        3
 Dazzling Flash           Conj/Hex       0%         N/A       100%        3
 Gell's Gravitas          Tloc           0%         N/A       100%        3
 Ignite Poison            Fire/Tmut/Pois 0%         N/A       100%        3
 Inner Flame              Hex/Fire       0%         N/A       100%        3
 Lesser Beckoning         Tloc           0%         N/A       100%        3
 Mephitic Cloud           Conj/Pois/Air  0%         N/A       100%        3
 Teleport Other           Tloc           0%         N/A       100%        3
 Vampiric Draining        Necr           0%         2d6       100%        3
 Animate Armour           Summ/Erth      0%         N/A       100%        4
 Animate Dead             Necr           0%         N/A       100%        4
 Dispel Undead            Necr           0%         3d6       100%        4
 Flame Wave               Conj/Fire      0%         2d4       100%        4
 Hailstorm                Conj/Ice       0%         3d3       100%        4
 Ice Form                 Ice/Tmut       0%         N/A       100%        4
 Petrify                  Tmut/Erth      0%         N/A       100%        4
 Sticky Flame             Conj/Fire      0%         2d3       100%        4
 Summon Lightning Spire   Summ/Air       0%         N/A       100%        4
 Agony                    Necr           0%         N/A       100%        5
 Blade Hands              Tmut           0%         N/A       100%        5
 Freezing Cloud           Conj/Ice/Air   0%         6-21      100%        5
 Irradiate                Conj/Tmut      0%         3d13      100%        5
 Manifold Assault         Tloc           0%         N/A       100%        5
 Metabolic Englaciation   Hex/Ice        0%         N/A       100%        5
 Silence                  Hex/Air        0%         N/A       100%        5
 Death Channel            Necr           0%         N/A       100%        6
 Dispersal                Tloc           0%         N/A       100%        6
 Iron Shot                Conj/Erth      0%         9d1       100%        6
 Simulacrum               Ice/Necr       0%         N/A       100%        6
 Statue Form              Tmut/Erth      0%         N/A       100%        6
 Dragon Form              Tmut           0%         N/A       100%        7
 Haunt                    Necr/Summ      0%         N/A       100%        7
 Storm Form               Tmut/Air       0%         N/A       100%        7
 Summon Hydra             Summ           0%         N/A       100%        7
 Infestation              Necr           0%         N/A       100%        8
 Maxwell's Capacitive Co  Air            0%         ∞         100%        8
 Summon Horrible Things   Summ           0%         N/A       100%        8


Dungeon Overview and Level Annotations

Branches:
Dungeon (15/15)            Temple (0/1) D:5            Lair (6/6) D:11
 Shoals (4/4) Lair:4       Spider (4/4) Lair:2        Slime (0/5) Lair:5
    Orc (2/2) D:12            Elf (3/3) Orc:2        Vaults (1/5) D:14
 Depths (0/4) D:15

Altars:
Dithmenos
Elyvilon
Hepliaklqana
Makhleb
Nemelex Xobeh
Okawaru
Qazlal
Yredelemnul
The Shining One
Beogh

Shops:
D:7 [   D:8 (   D:12 (   Orc:2 (?*!   Elf:3 **   Shoals:1 ?   Shoals:4 *

Annotations:
D:12 1 runed translucent door
Lair:4 Louise
Vaults:1 exclusion: orange crystal statue


Innate Abilities, Weirdness & Mutations

You are completely covered in rugged brown scales. (AC +3, +7% HP)
You have supernaturally acute eyesight. (SInv)
Armour fits poorly on your strangely shaped body.
You can roll at nearby foes to attack.
You have a long armoured tail.
You curl defensively after being hit. (AC +7*)


Message History

The entropy weaver barely misses you. You block the entropy weaver's attack.
You slash the entropy weaver! You freeze the entropy weaver.
The entropy weaver is almost dead.
You hit the entropy weaver but do no damage.
You tail-slap the entropy weaver, but do no damage.
The entropy weaver is almost dead.
The entropy weaver gestures at you while chanting.
The entropic weave corrodes you!
You slash the entropy weaver! You freeze the entropy weaver.
You kill the entropy weaver!
Lugonu accepts your kill.
The ironbound convoker begins to recite a word of recall!
The glowing orange brain is recalled.
The ironbound convoker is recalled. x2
A harpy comes into view.
An ironbound convoker comes into view. It is wielding a +0 morningstar.
An ironbound convoker comes into view. It is wielding a +0 dire flail.
An ironbound frostheart comes into view.
A glowing orange brain comes into view.
You block the harpy's attack. The harpy claws you!
The glowing orange brain moves out of view.
The ironbound convoker attacks as you move away!
The ironbound convoker hits you with a +0 dire flail!
* * * LOW HITPOINT WARNING * * *
The harpy screeches!
You hear a shout!
The harpy claws you!
* * * LOW HITPOINT WARNING * * *
You block the harpy's attack. The harpy claws you.
* * * LOW HITPOINT WARNING * * *
The harpy claws you!
* * * LOW HITPOINT WARNING * * *
The harpy claws you.
* * * LOW HITPOINT WARNING * * *
The harpy claws you.
* * * LOW HITPOINT WARNING * * *
The glowing orange brain pulsates.
Something tries to feed on your intellect!
You fade into invisibility!
The harpy screeches!
The harpy claws you!
You die...

........#.........## #.......
........###.......# #.......
######### ###....## #.......
###..# #.......
###############'##########'#####
#...........................[...
#........)......)...............
#.....[.....#########...........
#..##########..@Hp..#...........
#..'........'.###.#G#...........
#..#........#.#...#.#...........
#..#........'.#...#G#....B..p...
##..#...∩....#.#.###p#.#########.
.#..#.^[.....#....†[.p.#.......#.
.#..#........#########.#.......#.
.'..##########.........#.......#.
.'.....................#.......#.


You could see a glowing orange brain, an ironbound convoker (can't see you) and
a harpy (can't see you).

Vanquished Creatures
  Arachne (Spider:2)
  Jorgrun (Spider:3)
  Rupert (D:14)
  2 krakens
  2 deep elf blademasters (Elf:3)
  Polyphemus (Shoals:3)
  A deep elf master archer (Elf:3)
  Gastronok (Lair:3)
  Agnes (D:14)
  Donald (Orc:1)
  Kirke (D:13)
  Ilsuiw (Shoals:3)
  Roxanne (Shoals:2)
  6 deep elf sorcerers
  A ghost moth (Spider:4)
  5 emperor scorpions
  Aizul (Spider:4)
  An orc warlord (Elf:3)
  3 deep elf elementalists (Elf:3)
  4 ironbound preservers (Vaults:1)
  2 broodmothers (Spider:2)
  An ironbound thunderhulk (Vaults:1)
  Azrael (Spider:1)
  2 entropy weavers
  6 deep elf demonologists
  4 deep elf annihilators
  An ettin (Orc:1)
  4 spark wasps
  7 merfolk javelineers
  8 merfolk impalers
  3 fire dragons
  4 deep elf death magi (Elf:3)
  2 deep elf high priests (Elf:3)
  Erolcha (Orc:1)
  2 ice dragons
  The ghost of Izit the Thaumaturge, a journeyman DECj of Kikubaaqudgha (Lair:3)
  A jorogumo (Spider:2)
  3 boulder beetles
  3 catoblepae
  An alligator snapping turtle (Shoals:2)
  2 radroaches
  7 centaur warriors
  3 two-headed ogres
  2 ironbound frosthearts (Vaults:1)
  31 dancing weapons
  2 merfolk aquamancers (Shoals:4)
  2 satyrs
  4 orc high priests (Elf:3)
  12 death yaks
  A tengu warrior (D:13)
  20 deep elf knights
  A fire crab (shapeshifter) (Elf:3)
  4 sun moths
  5 pharaoh ants
  13 sea snakes
  6 steelbarb worms
  10 orb spiders
  18 deep trolls
  2 ironbound convokers (Vaults:1)
  17 deep elf archers
  A kraken simulacrum (Shoals:4)
  11 harpies
  2 lindwurms
  17 orc knights
  5 necromancers
  Pikel (D:4)
  31 deep elf pyromancers
  41 deep elf zephyrmancers
  13 fauns
  24 wolf spiders
  6 orc sorcerers
  13 manticores
  10 ugly things (D:15)
  5 cyclopes
  A centaur zombie (D:15)
  A human zombie (Vaults:1)
  12 merfolk sirens
  4 moths of wrath
  6 black mambas
  2 molten gargoyles (Lair:6)
  A naga mage (D:15)
  16 cane toads
  6 water nymphs
  2 gargoyles (D:12)
  A vault sentinel (Vaults:1)
  A kobold demonologist (D:13)
  A yaktaur (Vaults:1)
  8 torpor snails
  2 unseen horrors
  2 rime drakes (Lair:4)
  An entropy weaver simulacrum (Vaults:1)
  A freezing wraith (D:15)
  10 demonic crawlers
  8 komodo dragons
  2 polar bears
  6 trolls
  2 meliai (Spider:3)
  Grinder (D:4)
  8 blink frogs (Lair:2)
  28 merfolk
  18 tarantellas
  10 wind drakes
  13 slime creatures
  8 dream sheep
  13 snapping turtles
  2 centaur simulacra (D:15)
  33 jumping spiders
  3 shadows
  5 air elementals
  19 culicivoras
  4 wraiths
  7 water elementals
  A spriggan (Lair:2)
  17 wyverns
  3 fire elementals
  2 hogs (D:13)
  16 basilisks
  47 yaks
  2 orc skeletons (Orc:1)
  6 vampire mosquitoes
  3 steam dragons
  A human simulacrum (Vaults:1)
  36 redbacks
  3 acid dragons
  10 wargs
  6 hell hounds
  13 water moccasins
  2 sky beasts (D:8)
  2 ice beasts
  4 black bears
  60 orc warriors
  3 ogres (Orc:1)
  2 hornet zombies (D:15)
  8 wolves (Lair:2)
  A lemure (D:4)
  4 centaurs
  An elf simulacrum (Vaults:1)
  3 kobold brigands
  A gnoll sergeant (Orc:1)
  A necrophage (D:4)
  9 bullfrogs
  A cyclops zombie (Orc:1)
  A scorpion (D:5)
  4 wights
  A warg skeleton (Orc:1)
  An electric eel (Lair:1)
  2 howler monkeys
  5 lava snakes (Lair:6)
  2 jellies
  3 hounds
  4 gnoll shamans
  28 orc priests
  Ijyb (D:5)
  3 iguanas
  37 orc wizards
  13 hell rats
  2 ogre zombies (Orc:1)
  18 gnolls
  7 adders
  An ogre simulacrum (Orc:1)
  A shadow imp (D:6)
  3 white imps
  3 ufetubi
  3 orc simulacra (Orc:1)
  An orc zombie (Orc:1)
  A worm (D:3)
  4 dart slugs
  113 orcs
  6 bats
  6 endoplasms
  6 giant cockroaches
  6 goblins
  2 hobgoblins (D:2)
  6 jackals
  A quokka (D:5)
  4 ball pythons
  3 frilled lizards (D:1)
  14 kobolds
  4 rats
  6 tentacles
1297 creatures vanquished.

Vanquished Creatures (collateral kills)
  A deep elf master archer (Elf:3)
  A deep elf annihilator (Elf:3)
  A deep elf death mage (Elf:3)
  A deep elf zephyrmancer (Elf:3)
4 creatures vanquished.

Vanquished Creatures (others)
  2 deep elf knights
  A deep elf pyromancer (Elf:1)
  A deep elf zephyrmancer (Elf:2)
  An orc sorcerer (Orc:2)
  A torpor snail (Lair:2)
  A demonic crawler (Spider:4)
  An orc wizard (D:6)
  2 orcs (Orc:2)
  A bush (Lair:4)
  40 fungi
  108 plants
  11 tentacles
170 creatures vanquished.

Grand Total: 1471 creatures vanquished

Notes
Turn   | Place    | Note
-------+----------+-------------------------------------------
     0 | Abyss:1  | Gwenloh the Palentonga Abyssal Knight began the quest for
                  | the Orb.
     0 | Abyss:1  | Reached XP level 1. HP: 19/19 MP: 2/2
     4 | Abyss:1  | Found a corrupted altar of Lugonu.
    44 | D:1      | Escaped the Abyss
   457 | D:1      | Reached XP level 2. HP: 25/25 MP: 3/3
   469 | D:1      | Found a faded altar of an unknown god.
  1143 | D:2      | Reached XP level 3. HP: 31/31 MP: 3/5
  1148 | D:2      | Reached *** piety under Lugonu
  1900 | D:3      | Identified a scroll of acquirement
  2068 | D:3      | Reached XP level 4. HP: 37/37 MP: 6/6
  2773 | D:3      | Found a stormy altar of Qazlal.
  2781 | D:3      | Acquired a +2 barding of flying
  2852 | D:4      | Noticed Grinder
  2857 | D:4      | Paralysed by Grinder for 2 turns
  2888 | D:4      | Killed Grinder
  2889 | D:4      | Reached XP level 5. HP: 44/44 MP: 6/8
  2889 | D:4      | Reached XP level 6. HP: 51/51 MP: 6/9
  2990 | D:4      | Noticed Pikel
  3048 | D:4      | HP: 1/51 [lemure[Pikel] (4)]
  3516 | D:4      | Found a burning altar of Makhleb.
  3739 | D:4      | Killed Pikel
  3740 | D:4      | Reached skill level 5 in Axes
  3740 | D:4      | Gained mutation: You curl defensively after being hit. (AC
                  | +7*) [Palentonga growth]
  3740 | D:4      | Reached XP level 7. HP: 52/58 MP: 9/11
  3836 | D:5      | Entered Level 5 of the Dungeon
  3867 | D:5      | Found a shadowy altar of Dithmenos.
  4276 | D:4      | Reached skill level 5 in Fighting
  4319 | D:4      | Reached XP level 8. HP: 64/66 MP: 10/12
  4566 | D:5      | Noticed a two-headed ogre
  4586 | D:5      | Banished a two-headed ogre
  4662 | D:5      | Noticed Ijyb
  4673 | D:5      | Killed Ijyb
  4689 | D:5      | Found a staircase to the Ecumenical Temple.
  4758 | D:5      | Found a hazy altar of Hepliaklqana.
  4758 | D:5      | Found a faded altar of an unknown god.
  4764 | D:5      | Found a glowing golden altar of the Shining One.
  4766 | D:5      | Found a basalt altar of Yredelemnul.
  4768 | D:5      | Found a white marble altar of Elyvilon.
  4913 | D:5      | Reached **** piety under Lugonu
  5152 | D:5      | Reached XP level 9. HP: 44/73 MP: 15/15
  5310 | D:6      | Noticed a troll
  5489 | D:5      | Killed a troll
  6297 | D:6      | Found an iron altar of Okawaru.
  6381 | D:6      | Reached skill level 10 in Invocations
  6510 | D:7      | Reached skill level 1 in Dodging
  6682 | D:7      | Reached XP level 10. HP: 84/84 MP: 17/17
  6862 | D:7      | Found Haida's Dragon-Slaying Spoils.
  6906 | D:7      | Noticed a five-headed hydra
  7199 | D:7      | Banished a five-headed hydra
  7589 | D:8      | Found Acahagos's Antique Weapon Shoppe.
  7600 | D:8      | Bought a glowing war axe for 240 gold pieces
  7997 | D:8      | Noticed a two-headed ogre
  8004 | D:8      | Killed a two-headed ogre
  8220 | D:8      | Upgraded the game from 0.29-a0-304-gb34f9e133a to
                  | 0.29-a0-307-gecccbbdb84
  8322 | D:9      | Noticed a two-headed ogre
  8461 | D:9      | Reached skill level 10 in Axes
  8713 | D:9      | Killed a two-headed ogre
  8794 | D:9      | Reached ***** piety under Lugonu
  8880 | D:9      | Reached XP level 11. HP: 68/92 MP: 19/19
  9097 | D:10     | Entered Level 10 of the Dungeon
 10008 | D:11     | Noticed a death yak
 10019 | D:11     | Found a sparkling altar of Nemelex Xobeh.
 10053 | D:11     | Noticed a death yak
 10053 | D:11     | Noticed a death yak
 10071 | D:11     | Killed a death yak
 10073 | D:11     | Noticed a death yak
 10074 | D:11     | Noticed a death yak
 10089 | D:10     | Killed a death yak
 10423 | D:11     | Found a staircase to the Lair.
 10642 | D:11     | Reached skill level 5 in Armour
 10702 | Lair:1   | Entered Level 1 of the Lair of Beasts
 10811 | D:11     | Killed a death yak
 10834 | D:10     | Killed a death yak
 10835 | D:10     | Reached skill level 5 in Dodging
 10899 | D:11     | Killed a death yak
 10907 | D:11     | Reached XP level 12. HP: 48/102 MP: 19/21
 11913 | Lair:2   | Noticed an eight-headed hydra
 11915 | Lair:2   | Banished an eight-headed hydra
 11983 | Lair:2   | Noticed a death yak
 12013 | Lair:2   | Noticed a death yak
 12013 | Lair:2   | Noticed a death yak
 12036 | Lair:2   | Killed a death yak
 12071 | Lair:1   | Killed a death yak
 12072 | Lair:1   | Reached skill level 10 in Fighting
 12114 | Lair:2   | Noticed a death yak
 12116 | Lair:2   | Noticed a death yak
 12128 | Lair:2   | Noticed a death yak
 12151 | Lair:1   | Killed a death yak
 12622 | Lair:2   | Found a hole to the Spider Nest.
 12881 | Lair:3   | Found a runed translucent gate.
 12881 | Lair:3   | Found a runed translucent gate.
 12881 | Lair:3   | Found a runed translucent gate.
 12885 | Lair:3   | Noticed Izit's ghost (journeyman DECj)
 13107 | Lair:3   | Noticed a six-headed hydra
 13108 | Lair:3   | Banished a six-headed hydra
 13178 | Lair:3   | Noticed Gastronok
 13190 | Lair:3   | Killed Gastronok
 13191 | Lair:3   | Reached XP level 13. HP: 111/111 MP: 22/22
 13850 | Lair:3   | Killed Izit's ghost
 14265 | Lair:4   | Found a staircase to the Shoals.
 15326 | Lair:5   | You are sucked into a shaft and drop 1 floor!
 15326 | Lair:6   | Entered Level 6 of the Lair of Beasts
 15538 | Lair:6   | Reached ****** piety under Lugonu
 15933 | Lair:5   | Found a staircase to the Slime Pits.
 16426 | Lair:6   | Found a large runed translucent door.
 16426 | Lair:6   | Found a large runed translucent door.
 16497 | Lair:6   | Reached XP level 14. HP: 114/121 MP: 23/23
 17021 | D:12     | Found a staircase to the Orcish Mines.
 17027 | D:12     | Found Qitisio's Weapon Shop.
 17039 | D:12     | Upgraded the game from 0.29-a0-307-gecccbbdb84 to
                  | 0.29-a0-311-gcbd9eb2193
 17060 | D:12     | Found a runed translucent door.
 17060 | D:12     | Found the +2 shield of Resistance {rF++ rC++ Will++}
 17064 | D:12     | Found a runed translucent door.
 17340 | D:12     | Identified the +3 ring mail of the Mind {Rampage Str+3}
 18011 | Orc:1    | Entered Level 1 of the Orcish Mines
 18230 | Orc:1    | Reached skill level 1 in Shields
 18881 | Orc:2    | Entered Level 2 of the Orcish Mines
 18885 | Orc:2    | Noticed Donald
 18913 | Orc:2    | Noticed Erolcha
 18972 | Orc:2    | Found a staircase to the Elven Halls.
 19481 | Orc:1    | Killed Erolcha
 19781 | Orc:1    | Killed Donald
 20238 | Orc:2    | Reached skill level 5 in Shields
 20359 | Orc:2    | Reached XP level 15. HP: 124/131 MP: 24/24
 20413 | Orc:2    | Found Aruducea's Antique Weapon Boutique.
 20413 | Orc:2    | Found Exkog's Magic Scroll Emporium.
 20428 | Orc:2    | Bought a scroll of blinking for 112 gold pieces
 20428 | Orc:2    | Bought a scroll of enchant armour for 112 gold pieces
 20428 | Orc:2    | Bought a scroll of identify for 30 gold pieces
 20521 | Orc:2    | Found Jamot's Assorted Antiques.
 20521 | Orc:2    | Found Moatiner's Distillery.
 20527 | Orc:2    | Bought a scroll of identify for 50 gold pieces
 21201 | D:13     | Noticed Kirke
 21217 | D:13     | Killed Kirke
 21371 | D:14     | Noticed Agnes
 21384 | D:14     | Killed Agnes
 21400 | D:14     | Reached skill level 10 in Armour
 21512 | D:14     | Found a gate to the Vaults.
 21886 | D:14     | Found a glowing golden altar of the Shining One.
 21971 | D:14     | Noticed Rupert
 21982 | D:14     | Killed Rupert
 22104 | D:15     | Entered Level 15 of the Dungeon
 22122 | D:15     | Found a stormy altar of Qazlal.
 22344 | D:15     | Found a staircase to the Depths.
 22351 | D:15     | Reached skill level 1 in Evocations
 23214 | Shoals:1 | Entered Level 1 of the Shoals
 23359 | Shoals:1 | Noticed Louise
 23386 | Lair:4   | Reached skill level 15 in Axes
 23507 | Spider:1 | Entered Level 1 of the Spider Nest
 23702 | Spider:1 | Noticed an emperor scorpion
 24063 | Shoals:1 | Found Qihan's Magic Scroll Boutique.
 24070 | Shoals:1 | Bought a scroll of blinking for 105 gold pieces
 24070 | Shoals:1 | Bought a scroll of identify for 28 gold pieces
 24070 | Shoals:1 | Bought a scroll of identify for 28 gold pieces
 24070 | Shoals:1 | Bought a scroll of blinking for 105 gold pieces
 24197 | Shoals:1 | You are sucked into a shaft and drop 1 floor!
 25081 | Shoals:2 | Noticed Roxanne
 25082 | Shoals:2 | Upgraded the game from 0.29-a0-311-gcbd9eb2193 to
                  | 0.29-a0-315-gaf6dd05e2f
 25176 | Shoals:2 | Reached XP level 16. HP: 119/141 MP: 25/25
 25292 | Shoals:2 | Killed Roxanne
 25824 | Shoals:2 | Noticed a kraken
 25837 | Shoals:2 | Killed a kraken
 26097 | Shoals:3 | Noticed Ilsuiw
 26127 | Shoals:3 | Killed Ilsuiw
 26180 | Shoals:3 | Noticed a kraken
 26184 | Shoals:3 | Noticed Polyphemus
 26188 | Shoals:3 | Killed a kraken
 26426 | Shoals:3 | Killed Polyphemus
 27169 | Shoals:4 | Entered Level 4 of the Shoals
 27215 | Shoals:4 | Reached skill level 5 in Evocations
 27366 | Shoals:4 | Reached skill level 10 in Shields
 28106 | Shoals:4 | HP: 3/117 [merfolk impaler/+0 demon trident of freezing
                  | (5)]
 28384 | D:7      | Bought +2 gold dragon scales for 1196 gold pieces
 28811 | Shoals:4 | Reached skill level 15 in Fighting
 29096 | Shoals:4 | Reached XP level 17. HP: 147/148 MP: 26/26
 29493 | Shoals:4 | Found Gapteb's Assorted Antiques.
 29501 | Shoals:4 | Bought a scroll of identify for 96 gold pieces
 29501 | Shoals:4 | Bought a scroll of enchant armour for 360 gold pieces
 29760 | Shoals:4 | Got a barnacled rune of Zot
 30328 | Lair:2   | HP: 2/148 [tarantella (6)]
 30503 | Lair:2   | Escaped the Abyss
 31025 | Spider:1 | Noticed Azrael
 31032 | Spider:1 | Killed Azrael
 32563 | Spider:2 | Noticed Arachne
 32584 | Spider:2 | Killed Arachne
 33205 | Spider:3 | Noticed Jorgrun
 33333 | Spider:3 | Killed Jorgrun
 34067 | Spider:4 | Entered Level 4 of the Spider Nest
 34240 | Spider:4 | Reached skill level 10 in Dodging
 34801 | Spider:4 | Reached XP level 18. HP: 157/161 MP: 27/27
 34854 | Spider:4 | Noticed Aizul
 34964 | Spider:4 | Escaped the Abyss
 35849 | Spider:4 | Killed Aizul
 36165 | Spider:4 | Got a gossamer rune of Zot
 36402 | Elf:1    | Entered Level 1 of the Elven Halls
 37959 | Elf:1    | Got Nyrr's Collected Works on Supportive Blows and Bruises
 38186 | Elf:2    | Paralysed by an air elemental for 1 turns
 38194 | Elf:1    | Paralysed by an air elemental for 1 turns
 38478 | Elf:2    | Found a runed translucent gate.
 38478 | Elf:2    | Found a runed translucent gate.
 38478 | Elf:2    | Found a runed translucent gate.
 38517 | Elf:2    | Paralysed by an air elemental for 1 turns
 39393 | Elf:2    | Reached XP level 19. HP: 170/170 MP: 28/28
 39784 | Elf:3    | Entered Level 3 of the Elven Halls
 40124 | Elf:3    | Reached skill level 10 in Evocations
 40580 | Elf:3    | Identified the +2 quarterstaff "Ufost" {flame, rCorr}
 40580 | Elf:3    | Identified the +2 leather armour of the Armadillo {Rampage
                  | Dex+4}
 40584 | Elf:3    | Identified the +6 spear of Dawn {drain, Fragile rElec Will+
                  | rCorr}
 40956 | Elf:3    | Identified the ring of Temptation {rC+ Will+}
 41185 | Elf:3    | Identified the +6 spear of Conversion {vorpal, Fly rF+}
 41375 | Elf:3    | Identified the +7 dire flail "Kojehues" {freeze, +Blink
                  | rPois}
 41375 | Elf:3    | Identified the ring of Jealousy {rElec rN+ Str+2}
 41376 | Elf:3    | Noticed a Brimstone Fiend
 41803 | Elf:3    | Identified the +11 flail of Nommolo {protect, rElec Int-4
                  | SInv}
 42515 | Elf:3    | Found Tapp's Specific Store.
 42517 | Elf:3    | Found Vueps's General Store.
 42521 | Elf:3    | Bought a scroll of fear for 59 gold pieces
 42820 | Vaults:1 | Entered Level 1 of the Vaults
 43788 | Vaults:1 | Reached XP level 20. HP: 181/181 MP: 29/29
 43926 | Vaults:1 | Slain by a harpy

Illustrated notes

Levels and vault maps discovered:
D:1:      minmay_arrival_radiant_lines, layout_basic, basic_ecumenical_altar
D:2:      layout_basic, due_unseen_surprise
D:3:      layout_loops_ring, mainiacjoe_overflow_alcove_1,
          cheibrodos_sewer_entry_bend
D:4:      layout_loops_ring, mainiacjoe_overflow_brackets, bh_walls_and_bars,
          uniq_pikel, uniq_grinder
D:5:      layout_basic, grunt_dithmenos_smoke,
          chequers_temple_overflow_minitemple, minmay_temple_entry_proselytizer,
          kennysheep_generic_room_9, uniq_ijyb
D:6:      layout_loops_ring, okawaru_metal_pillars_1_2, grunt_potential
D:7:      layout_rooms, nicolae_shop_dragon_depot
D:8:      layout_rooms, serial_shops, shop, chequers_serial_rivers_micro_c,
          minmay_manual_mail
D:9:      layout_gridville, dreamdust_gnoll_shepherd
D:10:     layout_long_grid
D:11:     layout_basic, dpeg_lair_monsters, nemelex_diamond_rough_becter
D:12:     layout_long_grid, orc_david_3, minmay_guarded_unrand_resistance
D:13:     layout_gridville, uniq_kirke
D:14:     layout_loops_ring, erik_vaults_1, nicolae_tso_carved_into_rock,
          uniq_rupert, uniq_agnes
D:15:     grunt_enter_depths_magical_seal, layout_basic,
          nicolae_qazlal_general_emergency
Lair:1:   layout_loops_ring, st_stairs_13, serial_bayou_shore_b,
          serial_bayou_shore_a, serial_bayou_shore_b, grunt_megastairs_3
Lair:2:   layout_misc_corridors, spider_nest_entry_funnel_web,
          hangedman_lair_unloving_vines, grunt_forest_stairs_clearing
Lair:3:   layout_cave_pods, ebering_ghost_rock_garden,
          chequers_serial_rivers_small_3, serial_bayou_pond_d,
          grunt_megastairs_4, infiniplex_staircase_pool, uniq_gastronok
Lair:4:   layout_roguey [special_room_mythical_zoo], minmay_shoals_entry_hut,
          lemuel_fruit_fields
Lair:5:   layout_cave_pods, dpeg_slime_entry_corner
Lair:6:   cheibrodos_lair_end_hotspot, layout_regular_city,
          chequers_serial_rivers_small_3, nicolae_quartered_pool_medium,
          serial_bayou_shore_b, lemuel_fruit_tree
Shoals:1: layout_shoals, serial_shops, nicolae_shop_trees,
          nicolae_shoals_wave_tunnel, uniq_louise
Shoals:2: layout_shoals, nicolae_shoals_loop_pool, uniq_roxanne
Shoals:3: layout_shoals, nicolae_shoals_kraken_intersection, uniq_ilsuiw,
          uniq_polyphemus
Shoals:4: shoals_end_grunt_ice, layout_shoals, serial_shops, shop
Spider:1: layout_spider_delve, uniq_azrael
Spider:2: layout_chambers, nicolae_spider_spiderdrome, uniq_arachne
Spider:3: layout_cave_pods, nicolae_spider_cling_halls, uniq_jorgrun
Spider:4: grunt_spider_rune_island, nicolae_spider_wall_of_niches, uniq_aizul
Orc:1:    dreamdust_under_siege, layout_caves
Orc:2:    st_orc_town, layout_caves, enter_volcano_2, uniq_erolcha, uniq_donald
Elf:1:    eino_elf_arrival_customs, layout_geoelf_grid, minmay_elf_sorcery
Elf:2:    nicolae_elf_blades_crystal_corner, layout_gridlike,
          hangedman_elf_represent
Elf:3:    grunt_elf_hall_diamonds, layout_loops_ring, special_room
          [special_room_orc], nicolae_specific_store
Vaults:1: v_misc_27, vaults_dpeg_hooks, ontoclasm_vaults_fault,
          nicolae_vaults_statue_guard, ontoclasm_vaults_idyll, v_rooms_2,
          vaults_room_ringed_pool, v_pattern_1, ontoclasm_vaults_misaligned,
          serial_ice_g, layout_vaults_big_room

Skill      XL: |  1  2  3  4  5  6  7  8  9 10 11 12 13 14 15 16 17 18 19 |
---------------+----------------------------------------------------------+-----
Invocations    | 3 4 6 8 10 11 12 13 | 13.0
Axes           | 3 4 5 6 7 9 10 11 12 13 14 15 16 17 | 17.9
Fighting       | 4 5 6 7 8 9 10 11 13 14 15 16 17 | 17.7
Dodging        | 1 3 5 6 8 10 11 12 | 12.1
Armour         | 3 5 6 8 9 10 11 12 13 14 | 14.1
Shields        | 5 8 10 | 10.4
Evocations     | 3 6 8 9 11 | 11.0

Action                   |  1- 3 |  4- 6 |  7- 9 | 10-12 | 13-15 | 16-18 | 19-21 || total
-------------------------+-------+-------+-------+-------+-------+-------+-------++-------
Melee: Hand axe          |    88 |   112 |   424 |    96 |       |       |       ||   720
       Tailslap          |     8 |    13 |    68 |    89 |   263 |   363 |   133 ||   937
       Spear             |     6 |       |       |       |       |       |       ||     6
       Punch             |       |     3 |     4 |    11 |     6 |       |       ||    24
       War axe           |       |       |       |   473 |  1395 |  1632 |   631 ||  4131
 Fire: Hunting sling     |    16 |     2 |     7 |     8 |       |       |       ||    33
Throw: Javelin           |       |       |       |       |       |       |     5 ||     5
Invok: Bend Space        |       |     9 |    25 |    19 |    23 |     8 |     2 ||    86
       Banish            |       |       |     1 |     5 |     5 |    12 |     1 ||    24
       Depart the Abyss  |       |       |       |       |       |     2 |       ||     2
       Enter the Abyss   |       |       |       |       |       |     2 |       ||     2
 Abil: Rolling Charge    |    24 |    24 |    46 |   109 |   239 |   258 |    89 ||   789
Evoke: Wand              |       |     2 |     3 |     6 |     6 |     7 |       ||    24
       Condenser vane    |       |       |       |       |       |     1 |       ||     1
  Use: Scroll            |     3 |     3 |     6 |     6 |    22 |     7 |     3 ||    50
       Potion            |       |       |     1 |       |    12 |    11 |     3 ||    27
 Stab: Sleeping          |       |     1 |       |       |       |       |       ||     1
Armor: Leather armour    |    34 |    48 |   331 |   168 |       |       |       ||   581
       Troll leather arm |       |       |       |   133 |   683 |   229 |       ||  1045
       Gold dragon scale |       |       |       |       |       |  1033 |   360 ||  1393
Dodge: Dodged            |    37 |    37 |   173 |   202 |   441 |   330 |    83 ||  1303
Block: Kite shield       |       |       |       |       |   508 |  1225 |   424 ||  2157

Table legend: (Time is in decaauts)
 A = Elapsed time spent in this place.
 B = Non-inter-level travel time spent in this place.
 C = Inter-level travel time spent in this place.
 D = Time resting spent in this place.
 E = Time spent auto-exploring this place.
 F = Levels seen in this place.
 G = Mean time per level.
                   A        B        C        D        E       F      G
               +--------+--------+--------+--------+--------+-----+--------+
         Total |  43605 |  39501 |   4104 |   6973 |  18606 |  38 | 1147.5 |
       Dungeon |  14710 |  13328 |   1382 |    878 |   8852 |  15 |  980.7 |
          Lair |   7686 |   6734 |    952 |    857 |   4279 |   6 | 1281.0 |
        Shoals |   5558 |   5050 |    508 |    883 |   2204 |   4 | 1389.5 |
   Spider Nest |   5366 |   4902 |    464 |   1415 |   1280 |   4 | 1341.5 |
  Orcish Mines |   2794 |   2326 |    468 |    398 |    956 |   2 | 1397.0 |
   Elven Halls |   6128 |   5801 |    327 |   1919 |    966 |   3 | 2042.7 |
        Vaults |   1036 |   1036 |      0 |    369 |     32 |   1 | 1036.0 |
         Abyss |    323 |    323 |      0 |    254 |     37 |   3 |  107.7 |
               +--------+--------+--------+--------+--------+-----+--------+

Top non-repeatable levels by time:
   Elf:3: 2351 daAuts
   Elf:1: 1948 daAuts
Spider:2: 1936 daAuts
Shoals:3: 1930 daAuts
   Elf:2: 1828 daAuts
   Orc:1: 1827 daAuts
  Lair:2: 1720 daAuts
Spider:3: 1662 daAuts
Shoals:4: 1492 daAuts
     D:4: 1418 daAuts
  Lair:4: 1378 daAuts
  Lair:6: 1284 daAuts
  Lair:3: 1268 daAuts
     D:5: 1231 daAuts
Spider:4: 1205 daAuts
